 Dungeon Crawl Stone Soup version 0.30-a0-292-g0f741e3f8e (webtiles) character file.

Game seed: 12956670136277503326

408 brknglss the Firebug (level 6, 0/35 HPs)
             Began as a Deep Elf Fire Elementalist on Oct 17, 2022.
             Slain by a goblin
             ... wielding a +0 club
             ... led by Robin
              (3 damage)
             ... on level 4 of the Dungeon.
             The game lasted 00:14:37 (4966 turns).

brknglss the Firebug (Deep Elf Fire Elementalist)   Turns: 4966, Time: 00:14:38

Health: 0/35       AC:  2    Str: 13    XL:     6   Next: 57%
Magic:  2/15       EV: 13    Int: 20    God:
Gold:   244        SH:  0    Dex: 15    Spells: 11/14 levels left

rFire   . . .      SeeInvis .    y - +2 falchion (elec)
rCold   . . .      Faith    .    (no shield)
rNeg    . . .      Spirit   .    a - +0 robe
rPois   .          Reflect  .    (no helmet)
rElec   .          Harm     .    (no cloak)
rCorr   .          Rampage  .    (no gloves)
Will    .....                    (no boots)
Stlth   ++........               (no amulet)
HPRegen 0.25/turn                c - +6 ring of strength
MPRegen 0.14/turn                (no ring)

@: no status effects
A: no striking features
a: no special abilities


You were on level 4 of the Dungeon.
You visited 2 branches of the dungeon, and saw 6 of its levels.

You collected 244 gold pieces.

Inventory:

Hand Weapons
 r - a +1 dagger of venom
 y - a +2 falchion of electrocution (weapon)
Missiles
 j - 5 poisoned darts
Armour
 a - a +0 robe (worn)
 B - a +0 pair of gloves
Jewellery
 c - a +6 ring of strength (left hand)
 A - a +4 ring of protection
Wands
 t - a wand of flame (25)
 v - a wand of acid (8)
Scrolls
 d - 2 scrolls of fog {unknown}
 g - a scroll of noise {unknown}
 h - a scroll of blinking {unknown}
 m - 2 scrolls of immolation
 n - a scroll of enchant armour {unknown}
 o - a scroll of magic mapping {unknown}
 p - 2 scrolls of summoning
 q - 2 scrolls of fear {unknown}
 u - a scroll of silence {unknown}
 w - 3 scrolls of vulnerability {unknown}
 z - a scroll of enchant weapon {unknown}
 C - a scroll of amnesia {unknown}
Potions
 b - a potion of magic
 e - a potion of mutation
 f - 4 potions of resistance
 i - 2 potions of curing
 k - 2 potions of heal wounds {unknown}
 l - a potion of haste {unknown}
 s - a potion of lignification {unknown}
 x - a potion of attraction {unknown}


   Skills:
 + Level 2.0 Fighting
 + Level 4.0 Dodging
 - Level 2.4 Stealth
 + Level 4.7 Spellcasting
 + Level 3.0 Conjurations
 * Level 5.4 Fire Magic


You had 11 spell levels left.
You knew the following spells:

 Your Spells              Type           Power      Damage    Failure   Level
a - Foxfire               Conj/Fire      84%        2x1d8     1%          1
b - Scorch                Fire           52%        2d7       1%          2

Your spell library contained the following spells:

 Spells                   Type           Power      Damage    Failure   Level
 Sandblast                Erth           8%         2d5       12%         1
 Inner Flame              Hex/Fire       15%        N/A       12%         3
 Kindle Blastsparks       Fire/Tloc/Air  24%        2d12      17%         3
 Passwall                 Tmut/Erth      3%         N/A       19%         2
 Stone Arrow              Conj/Erth      20%        3d8       19%         3
 Flame Wave               Conj/Fire      21%        2d8       21%         4


Dungeon Overview and Level Annotations

Branches:
Dungeon (5/15)             Temple (1/1) D:4

Altars:
Cheibriados
Dithmenos
Elyvilon
Fedhas
Kikubaaqudgha
Makhleb
Nemelex Xobeh
Okawaru
Qazlal
Ru
Sif Muna
Trog
Wu Jian
Xom
Yredelemnul
Zin
The Shining One

Annotations:
D:4 Robin


Message History

Flames lash the orc.
You kill the orc!
An orc comes into view. It is wielding a +3 hand axe.
Items here: )))) [[ ††.
An orc wizard comes into view. It is wielding a +0 dagger.
Casting: Scorch (safe; 1% risk of failure)
Confirm with . or Enter, or press ? or * to list all spells.
You conjure some foxfire!
The foxfire hits the orc!
You kill the orc!
The foxfire hits the orc wizard.
The orc wizard is moderately wounded.
The orc wizard casts a spell at you. The magic dart hits you!
* * * LOW HITPOINT WARNING * * *
The orc wizard gestures wildly while chanting.
The orc wizard flickers and vanishes!
Deactivating autopickup; reactivate with Ctrl-A.
There is a stone staircase leading up here.
You climb upwards.
Level annotation: Robin Reactivating autopickup.
The hobgoblin hits you but does no damage.
The goblin closely misses you.
The goblin shoots a sling bullet.
The sling bullet hits you.
* * * LOW HITPOINT WARNING * * *
There is a stone staircase leading down here.
You feel better. The hobgoblin hits you.
* * * LOW HITPOINT WARNING * * *
The goblin misses you.
The goblin unwields a +2 vampiric dagger.
The goblin wields a +0 sling.
The goblin shoots a sling bullet.
The sling bullet misses you.
The goblin shoots a sling bullet.
The sling bullet misses you.
Robin roars a battlecry!
The goblins go into a battle-frenzy!
The goblin shoots a sling bullet.
The sling bullet hits you.
* * * LOW HITPOINT WARNING * * *
The goblin attacks as you move away! The goblin hits you with a +0 club.
You die...

.#.....#
#......#.......#
.#.....#
#......'.......#
.#.....#
#......#.......+..
.#.....#
#......#.......#..
.#.....#
#......#.......#..
.#.....#
#########.......#..
.#....<#
#...............#..
.#.....#
#.g>..g.g.......#..
.#.....#
#.@..g..........#..
.#.....#
#.g.............#g.
.'.....#
#...............#..
##.....#
#........#'######.g
.......#
#........#.)..g....
.......#
#.....(..#)).......
.......#
#........#..)†.....
.......#
#........+.........
.......#
#........####....§.


You could see Robin, a hobgoblin (strong) and 3 goblins.

Vanquished Creatures
  A scorpion (D:5)
  The ghost of liarliar the Insei, a weakling DsGl (D:3)
  Jessica (D:2)
  4 orc wizards
  4 adders
  A worm (D:4)
  7 dart slugs
  21 orcs
  5 ball pythons
  7 endoplasms
  6 giant cockroaches
  12 goblins
  7 hobgoblins
  6 jackals
  8 kobolds
  3 quokkas
  5 bats
  2 frilled lizards (D:3)
  8 rats
109 creatures vanquished.

Vanquished Creatures (others)
  244 foxfires
244 creatures vanquished.

Grand Total: 353 creatures vanquished

Notes
Turn   | Place    | Note
-------+----------+-------------------------------------------
     0 | D:1      | brknglss the Deep Elf Fire Elementalist began the quest for
                  | the Orb.
     0 | D:1      | Reached XP level 1. HP: 10/10 MP: 6/6
    60 | D:1      | Found a faded altar of an unknown god.
    94 | D:1      | Reached XP level 2. HP: 15/15 MP: 1/8
   701 | D:1      | Reached XP level 3. HP: 14/20 MP: 1/9
   717 | D:1      | HP: 1/20 [kobold/+0 whip (2)]
   797 | D:1      | Learned a level 2 spell: Scorch
  1177 | D:2      | Reached skill level 4 in Fire Magic
  1320 | D:2      | Reached skill level 1 in Fighting
  2176 | D:2      | Noticed Jessica
  2179 | D:2      | Killed Jessica
  2180 | D:2      | Reached XP level 4. HP: 25/25 MP: 11/11
  2512 | D:3      | Found an ornate altar of the Wu Jian Council.
  2965 | D:3      | Found a runed translucent gate.
  2966 | D:3      | Found a runed translucent gate.
  2966 | D:3      | Noticed liarliar's ghost (weakling DsGl)
  2967 | D:3      | Found a runed translucent gate.
  3167 | D:3      | Reached XP level 5. HP: 26/29 MP: 8/13
  3336 | D:3      | Killed liarliar's ghost
  4130 | D:4      | Reached skill level 5 in Fire Magic
  4140 | D:4      | Reached XP level 6. HP: 27/35 MP: 1/14
  4238 | D:4      | Found an iron altar of Okawaru.
  4308 | D:4      | Found a staircase to the Ecumenical Temple.
  4348 | Temple   | Entered the Ecumenical Temple
  4699 | D:4      | Found a stormy altar of Qazlal.
  4713 | D:4      | Noticed Robin
  4745 | D:5      | Entered Level 5 of the Dungeon
  4966 | D:4      | Slain by a goblin

Illustrated notes

Levels and vault maps discovered:
D:1:      nzn_arrival_crosshair, layout_rooms,
          shapermc_ecumenical_altar_starsandcircs, minmay_pentomino_s4
D:2:      layout_basic, minmay_misc_feat_columns, uniq_jessica
D:3:      layout_loops_ring, lemuel_coloured_pillars_altar,
          gammafunk_ghost_split
D:4:      layout_gridville, okawaru_ov_weapons_minmay,
          nicolae_qazlal_scattered_showers, temple_statues, uniq_robin
D:5:      layout_basic
Temple:   nicolae_temple_superstar

Skill      XL: |  1  2  3  4  5  6 |
---------------+-------------------+-----
Fire Magic     | 4 5 |  5.4
Fighting       | 1 2 |  2.0
Dodging        | 3 4 |  4.0
Conjurations   | 2 3 |  3.0
Spellcasting   | 4 |  4.7
Stealth        | |  2.4

Action                   |  1- 3 |  4- 6 || total
-------------------------+-------+-------++-------
Melee: Dagger            |    23 |    18 ||    41
       Falchion          |       |    17 ||    17
 Cast: Foxfire           |    88 |    63 ||   151
       Scorch            |       |    40 ||    40
  Use: Scroll            |       |     5 ||     5
       Potion            |       |     1 ||     1
 Stab: Sleeping          |     2 |     1 ||     3
Armor: Robe              |    10 |    12 ||    22
Dodge: Dodged            |    44 |    62 ||   106

Table legend: (Time is in decaauts)
 A = Elapsed time spent in this place.
 B = Non-inter-level travel time spent in this place.
 C = Inter-level travel time spent in this place.
 D = Time resting spent in this place.
 E = Time spent auto-exploring this place.
 F = Levels seen in this place.
 G = Mean time per level.
                   A        B        C        D        E       F      G
               +--------+--------+--------+--------+--------+-----+--------+
         Total |   4968 |   4868 |    100 |   1953 |   1743 |   6 |  828.0 |
       Dungeon |   4787 |   4711 |     76 |   1953 |   1643 |   5 |  957.4 |
        Temple |    180 |    156 |     24 |      0 |    100 |   1 |  180.0 |
               +--------+--------+--------+--------+--------+-----+--------+

Top non-repeatable levels by time:
     D:3: 1456 daAuts
     D:2: 1386 daAuts
     D:1: 933 daAuts
     D:4: 788 daAuts
     D:5: 222 daAuts
  Temple: 180 daAuts
